 Dungeon Crawl Stone Soup version 0.29-a0-468-ge57f7f99b4 (webtiles) character file.

Game seed: 17526753536821106602

10140 Pelinal the Nimble (level 11, -3/79 HPs)
             Began as a Djinni Fire Elementalist on May 22, 2022.
             Was a High Priest of Cheibriados.
             Slain by a spectral orc warrior
             ... wielding a +0 dire flail
             ... summoned by Nergalle
              (4 damage)
             ... on level 1 of the Lair of Beasts.
             The game lasted 00:28:18 (15046 turns).

Pelinal the Nimble (Djinni Fire Elementalist)      Turns: 15046, Time: 00:28:18

Health: -3/79      AC: 16    Str: 21    XL:     11   Next: 87%
Gold:   831        EV: 22    Int: 33    God:    Cheibriados [*****.] SH:  0 Dex: 30

rFire   + + .      SeeInvis +   y - +2 dagger (elec)
rCold   . . .      Faith    .   (no shield)
rNeg    . . .      Spirit   .   C - +2 robe {rC+}
rPois   ∞          Reflect  .   (no helmet)
rElec   .          Harm     .   i - +2 cloak
rCorr   .          Rampage  .   (no gloves)
Will    +....                   (boots unavailable)
Stlth   ++........              (no amulet)
HPRegen 0.23/turn               H - ring of see invisible
MPRegen 0.00/turn               (no ring)

@: ice-armoured, silenced, flying, very slow
A: sickness immunity, fire resistance 2, cold vulnerability 1, float, innate
caster, HP casting, extra vitality 1
a: Renounce Religion


You were on level 1 of the Lair of Beasts.
You worshipped Cheibriados.
Cheibriados was extremely pleased with you.
You visited 2 branches of the dungeon, and saw 11 of its levels.

You collected 831 gold pieces.

Inventory:

Hand Weapons
 e - a +0 quarterstaff
 y - a +2 dagger of electrocution (weapon)
Missiles
 b - 16 poisoned darts
 d - 2 throwing nets
 F - a curare-tipped dart
Armour
 c - a +0 robe of the Archmagi
 i - a +2 cloak (worn)
 C - a +2 robe of cold resistance (worn)
Jewellery
 H - a ring of see invisible (left hand)
Wands
 a - a wand of digging (7)
 f - a wand of paralysis (7)
 g - a wand of iceblast (7)
 j - a wand of polymorph (5)
 x - a wand of acid (6)
Scrolls
 h - a scroll of enchant armour
 k - a scroll of enchant weapon
 m - 2 scrolls of fog
 o - a scroll of summoning
 s - 2 scrolls of teleportation
 u - 3 scrolls of fear
 B - a scroll of blinking
 D - a scroll of poison
 E - 2 scrolls of magic mapping
Potions
 q - 3 potions of berserk rage
 r - 3 potions of might
 t - 2 potions of lignification
 v - 2 potions of mutation {unknown}
 w - a potion of magic {unknown}
 z - a potion of invisibility {unknown}
 A - 3 potions of brilliance {unknown}
 G - a potion of resistance {unknown}
 I - a potion of attraction {unknown}


   Skills:
 - Level 7.4 Fighting
 + Level 5.2 Throwing
 - Level 9.1 Dodging
 + Level 3.9 Stealth
 - Level 7.3 Spellcasting
 - Level 7.9 Invocations


You couldn't memorise any spells.
You knew the following spells:

 Your Spells              Type           Power      Damage    Failure   Level
a - Foxfire               Conj/Fire      100%       2x1d9     1%          1
b - Scorch                Fire           100%       2d10      1%          2
c - Conjure Flame         Conj/Fire      57%        6-21      1%          3
d - Inner Flame           Hex/Fire       57%        N/A       1%          3
e - Flame Wave            Conj/Fire      57%        2d11      1%          4
f - Slow                  Hex            100%       N/A       1%          1
g - Dazzling Flash        Conj/Hex       100%       N/A       1%          3
h - Metabolic Englaciati  Hex/Ice        28%        N/A       4%          5
B - Ozocubu's Armour      Ice            57%        N/A       1%          3
F - Blink                 Tloc           100%       N/A       1%          2
Your spell library was empty.

Dungeon Overview and Level Annotations

Branches:
Dungeon (10/15)            Temple (0/1) D:6            Lair (1/6) D:8
    Orc (0/2) D:10

Altars:
Ashenzari
Cheibriados
Dithmenos
Fedhas
Gozag
Hepliaklqana
Kikubaaqudgha
Makhleb
Nemelex Xobeh
Qazlal
Ru
Sif Muna
Vehumet
Xom

Shops:
D:5 (   D:6 *

Annotations:
D:2 1 runed translucent door, Crazy Yiuf
D:7 Sigmund
D:10 Urug
Lair:1 Nergalle


Innate Abilities, Weirdness & Mutations

You are immune to sickness and miasma.
You are immune to poison.
Your flesh is very heat resistant. (rF++)
You are vulnerable to cold. (rC-)
You float through the air rather than walking.
You learn spells naturally, not from books.
Your magical power is your life essence.
You have superior vitality. (+4 MHP)


Message History

Aiming: Iceblast
Press: ? - help, Shift-Dir - straight line, p - Nergalle
Okay, then.
Aiming: Corrosive Bolt
Press: ? - help, Shift-Dir - straight line, f/p - Nergalle
Aim: Nergalle, wielding a +1 dagger of flaming and wearing a +0 robe (silenced, moderately wounded, 68% to hit)
The bolt of acid hits Nergalle.
Nergalle is moderately wounded.
The spectral orc warlord hits you with a +1 great sword!!
* * * LOW HITPOINT WARNING * * *
Nergalle hits you but does no damage. The spectral orc completely misses you.
The spectral orc warrior hits you but does no damage.
The spectral orc warrior misses you.
The spectral orc warrior hits you with a +0 long sword!
* * * LOW HITPOINT WARNING * * *
Magic scrolls do not work when you're silenced!
Unknown command.
You feel better.
The spectral orc warlord completely misses you.
The spectral orc closely misses you. Nergalle completely misses you.
The spectral orc warrior misses you.
The spectral orc warrior closely misses you.
The spectral orc warrior hits you with a +0 long sword.
* * * LOW HITPOINT WARNING * * *
You hit Nergalle but do no damage. Lightning courses through Nergalle!
Nergalle is heavily wounded.
The spectral orc warlord misses you. Nergalle misses you.
The spectral orc barely misses you. The spectral orc warrior misses you.
The spectral orc warrior hits you from afar with a +0 trident.
* * * LOW HITPOINT WARNING * * *
The spectral orc warrior hits you but does no damage.
Unknown command.
You hit Nergalle.
Nergalle is heavily wounded.
The spectral orc warlord hits you with a +1 great sword!
* * * LOW HITPOINT WARNING * * *
Nergalle hits you but does no damage.
The spectral orc hits you but does no damage.
The spectral orc warrior hits you with a +0 dire flail.
You die...

###.'##########
##.............##
#...............###
##.............'..†
##...[.........P##. .
#..............####
... ##..Z..........#
...'.##ZZ...........#
#..o@Z.......!...#
###..Z...........#
##..............
######.#.#+##### ####
#


You could see Nergalle, a spectral orc (summoned), 3 spectral orc warriors and a
spectral orc warlord (summoned).

Vanquished Creatures
  A two-headed ogre (D:10)
  2 deep elf pyromancers (D:8)
  A cane toad (Lair:1)
  A komodo dragon (D:8)
  3 blink frogs (Lair:1)
  A slime creature (D:8)
  2 wraiths
  9 yaks (D:10)
  3 basilisks
  A vampire (D:8)
  2 wyverns
  A steam dragon (D:9)
  Edmund (D:7)
  2 water moccasins
  A swamp drake (D:8)
  4 orc warriors
  A sky beast (D:8)
  An ice beast (D:6)
  2 black bears
  3 ogres
  4 centaurs
  2 phantoms
  3 kobold brigands
  4 bullfrogs
  2 gnoll sergeants (D:8)
  3 scorpions
  8 wights (D:9)
  9 killer bees
  3 howler monkeys
  5 hounds
  2 jellies
  2 orc priests
  A gnoll shaman (D:5)
  Jessica (D:3)
  Ijyb (D:3)
  Terence (D:3)
  6 iguanas
  20 orc wizards
  11 gnolls
  14 adders
  A shadow imp (D:6)
  A white imp (D:3)
  A dart slug (D:1)
  33 orcs
  13 ball pythons
  7 endoplasms
  7 giant cockroaches
  15 goblins
  7 hobgoblins
  2 jackals (D:5)
  3 quokkas
  4 bats
  8 frilled lizards
  17 kobolds
  3 rats
  2 foxfires (D:9)
268 creatures vanquished.

Vanquished Creatures (collateral kills)
  3 foxfires (D:10)
3 creatures vanquished.

Vanquished Creatures (others)
  831 foxfires
  2 fungi
  6 plants
  4 toadstools (D:1)
843 creatures vanquished.

Grand Total: 1114 creatures vanquished

Notes
Turn   | Place    | Note
-------+----------+-------------------------------------------
     0 | D:1      | Pelinal the Djinni Fire Elementalist began the quest for
                  | the Orb.
     0 | D:1      | Reached XP level 1. HP: 15/15 MP: 0/0
   246 | D:1      | Reached XP level 2. HP: 19/21 MP: 0/0
  1010 | D:1      | Found a faded altar of an unknown god.
  1192 | D:1      | Reached XP level 3. HP: 21/25 MP: 0/0
  1192 | D:1      | Learned a level 1 spell: Slow
  1611 | D:1      | Prayed at the altar of an unknown god.
  1611 | D:1      | Became a worshipper of Cheibriados the Contemplative
  1611 | D:1      | Reached * piety under Cheibriados
  1815 | D:2      | Reached XP level 4. HP: 26/31 MP: 0/0
  2154 | D:2      | Reached ** piety under Cheibriados
  2757 | D:2      | Found a runed translucent door.
  2758 | D:2      | Noticed Crazy Yiuf
  2800 | D:3      | Noticed Jessica
  2804 | D:3      | Reached XP level 5. HP: 29/35 MP: 0/0
  2804 | D:3      | Learned a level 2 spell: Blink
  2806 | D:3      | Killed Jessica
  2807 | D:3      | Reached skill level 1 in Invocations
  3065 | D:3      | Noticed Terence
  3349 | D:3      | Found a broken altar of Ashenzari.
  3365 | D:3      | Reached skill level 3 in Dodging
  3663 | D:3      | Noticed Ijyb
  3670 | D:3      | Killed Ijyb
  3671 | D:3      | Reached XP level 6. HP: 32/40 MP: 0/0
  3915 | D:3      | Killed Terence
  4059 | D:3      | Reached *** piety under Cheibriados
  4726 | D:4      | Found an opulent altar of Gozag.
  4915 | D:4      | Reached skill level 1 in Fighting
  4915 | D:4      | Reached XP level 7. HP: 40/47 MP: 0/0
  4915 | D:4      | Learned a level 3 spell: Ozocubu's Armour
  5268 | D:4      | Reached skill level 4 in Dodging
  5532 | D:5      | Entered Level 5 of the Dungeon
  5689 | D:5      | Found a sacrificial altar of Ru.
  5692 | D:5      | Reached **** piety under Cheibriados
  5834 | D:5      | Reached XP level 8. HP: 51/55 MP: 0/0
  6093 | D:5      | Reached skill level 5 in Dodging
  6093 | D:5      | Reached skill level 5 in Spellcasting
  6129 | D:5      | Found Degif's Weapon Emporium.
  7429 | D:6      | Reached XP level 9. HP: 58/62 MP: 0/0
  7429 | D:6      | Learned a level 3 spell: Dazzling Flash
  7499 | D:6      | Reached skill level 6 in Dodging
  7530 | D:6      | Found a staircase to the Ecumenical Temple.
  7709 | D:6      | Found a shimmering altar of Xom.
  7889 | D:6      | Reached skill level 5 in Invocations
  7937 | D:6      | Found Duust's Mass Market.
  8242 | D:7      | Reached ***** piety under Cheibriados
  8394 | D:7      | Reached skill level 5 in Fighting
  8687 | D:7      | Reached skill level 7 in Dodging
  8784 | D:7      | Found a sparkling altar of Nemelex Xobeh.
  8787 | D:7      | Found a shadowy altar of Dithmenos.
  8925 | D:7      | Noticed Edmund
  8950 | D:7      | Killed Edmund
  9205 | D:7      | Found a hazy altar of Hepliaklqana.
  9240 | D:7      | Noticed Sigmund
  9433 | D:7      | Reached XP level 10. HP: 67/70 MP: 0/0
 10453 | D:8      | Noticed a deep elf pyromancer
 10459 | D:8      | Killed a deep elf pyromancer
 10460 | D:8      | Reached skill level 8 in Dodging
 10465 | D:8      | Noticed a manticore
 10698 | D:8      | You are sucked into a shaft and drop 1 floor!
 11677 | D:8      | Noticed a komodo dragon
 11687 | D:8      | Killed a komodo dragon
 11850 | D:8      | Found a staircase to the Lair.
 11935 | D:8      | Reached XP level 11. HP: 73/79 MP: 0/0
 11935 | D:8      | Learned a level 5 spell: Metabolic Englaciation
 12235 | D:8      | Noticed a deep elf pyromancer
 12246 | D:8      | Killed a deep elf pyromancer
 12247 | D:8      | Reached skill level 9 in Dodging
 12780 | D:9      | Reached ****** piety under Cheibriados
 12789 | D:9      | Reached skill level 1 in Throwing
 13317 | D:10     | Entered Level 10 of the Dungeon
 13338 | D:10     | Noticed a two-headed ogre
 13350 | D:10     | Killed a two-headed ogre
 13515 | D:10     | Found a staircase to the Orcish Mines.
 13723 | D:10     | Noticed Urug
 13906 | D:10     | Found a stormy altar of Qazlal.
 13909 | D:10     | Found a blossoming altar of Fedhas.
 14477 | D:10     | Found a burning altar of Makhleb.
 14740 | Lair:1   | Entered Level 1 of the Lair of Beasts
 14776 | Lair:1   | Reached skill level 5 in Throwing
 15032 | Lair:1   | Noticed Nergalle
 15039 | Lair:1   | Noticed a spectral orc warlord
 15046 | Lair:1   | HP: 1/79 [spectral orc warlord/+1 great sword[Nergalle]
                  | (11)]
 15046 | Lair:1   | Slain by a spectral orc warrior

Illustrated notes

Levels and vault maps discovered:
D:1:      zelgadis_glass_arrival_small, layout_basic,
          hellmonk_ecumenical_altar_crossroads, minmay_gold_behind_fungi
D:2:      layout_rooms, minmay_pentomino_p2, uniq_crazy_yiuf_cottage
D:3:      layout_basic, mainiacjoe_overflow_cross_hatched,
          minmay_misc_feat_five, st_stairs_3, uniq_ijyb, uniq_terence,
          uniq_jessica
D:4:      layout_loops_corners, lemuel_doored_altar, saegor_snake_ambush
D:5:      layout_layer_cave, nicolae_ru_great_annihilating_truth, serial_shops,
          shop
D:6:      minmay_flawed_box, layout_loops_ring, lemuel_coloured_pillars_altar,
          minmay_temple_entry_large_hall, minmay_shop_mass, supply_closet_lemuel
D:7:      layout_loops_ring, worldfamousw_hep_ancestral_shrine,
          mainiacjoe_overflow_big_doors, skrybe_limestone_x,
          sigmund_edmund_badplayer
D:8:      layout_basic, erik_lair_dragon, minmay_the_grid_2x2
          [minmay_the_grid_odd_star, minmay_the_grid_x,
          minmay_the_grid_holed_spiral, minmay_the_grid_prize_inner_circle]
D:9:      layout_layer_cave, grunt_temple_overflow_magic_moments, enter_bailey_5
D:10:     layout_irregular_city, grunt_temple_overflow_forces_of_nature,
          kennysheep_mini, david_orc_2, minmay_lizard_king, uniq_urug
Lair:1:   layout_roguey, uniq_nergalle

Skill      XL: |  1  2  3  4  5  6  7  8  9 10 11 |
---------------+----------------------------------+-----
Spellcasting   | 3 4 5 6 7 |  7.3
Invocations    | 1 2 3 4 6 7 |  7.9
Dodging        | 3 4 5 7 8 9 |  9.1
Fighting       | 1 2 3 5 7 |  7.4
Throwing       | 5 |  5.2
Stealth        | 3 |  3.9

Action                   |  1- 3 |  4- 6 |  7- 9 | 10-12 || total
-------------------------+-------+-------+-------+-------++-------
Melee: Quarterstaff      |    11 |     4 |       |       ||    15
       Dagger            |       |       |       |    18 ||    18
 Cast: Foxfire           |    60 |    90 |   194 |   152 ||   496
       Scorch            |       |    42 |    52 |    96 ||   190
       Ozocubu's Armour  |       |       |     6 |    10 ||    16
       Conjure Flame     |       |       |     1 |       ||     1
       Flame Wave        |       |       |     6 |    12 ||    18
       Slow              |       |       |     2 |     2 ||     4
       Dazzling Flash    |       |       |       |     6 ||     6
       Metabolic Englaci |       |       |       |     1 ||     1
Invok: Bend Time         |       |     1 |       |       ||     1
       Slouch            |       |       |       |     2 ||     2
Evoke: Wand              |       |       |       |     3 ||     3
  Use: Scroll            |       |     1 |    10 |     8 ||    19
       Potion            |       |     1 |     3 |     2 ||     6
 Stab: Sleeping          |     3 |     1 |       |     1 ||     5
Armor: Robe              |       |     1 |     5 |    34 ||    40
       Skin              |       |       |     6 |       ||     6
Dodge: Dodged            |     9 |    13 |    29 |   152 ||   203

Table legend: (Time is in decaauts)
 A = Elapsed time spent in this place.
 B = Non-inter-level travel time spent in this place.
 C = Inter-level travel time spent in this place.
 D = Time resting spent in this place.
 E = Time spent auto-exploring this place.
 F = Levels seen in this place.
 G = Mean time per level.
                   A        B        C        D        E       F      G
               +--------+--------+--------+--------+--------+-----+--------+
         Total |  20461 |  19635 |    826 |   3302 |  14231 |  11 | 1860.1 |
       Dungeon |  20015 |  19190 |    825 |   3219 |  13958 |  10 | 2001.5 |
          Lair |    445 |    445 |      0 |     83 |    273 |   1 |  445.0 |
               +--------+--------+--------+--------+--------+-----+--------+

Top non-repeatable levels by time:
     D:8: 3050 daAuts
     D:9: 2753 daAuts
     D:5: 2326 daAuts
     D:7: 2025 daAuts
     D:4: 1932 daAuts
    D:10: 1859 daAuts
     D:1: 1628 daAuts
     D:3: 1572 daAuts
     D:6: 1533 daAuts
     D:2: 1332 daAuts
  Lair:1: 445 daAuts
